 Dungeon Crawl Stone Soup version 0.19.0-18-g426998a (webtiles) character file.

92 lorenzova the Ducker (level 4, 0/23 HPs)
             Began as a Spriggan Monk on Nov 12, 2016.
             Slain by Grinder (4 damage)
             ... on level 3 of the Dungeon.
             The game lasted 00:04:28 (2333 turns).

lorenzova the Ducker (Spriggan Monk)                Turns: 2333, Time: 00:04:28

Health: 0/23       AC:  2    Str:  7    XL:     4   Next: 35%
Magic:  5/5        EV: 22    Int: 11    God:
Gold:   41         SH:  0    Dex: 19    Spells: 0 memorised, 3 levels left

rFire  . . .     SeeInvis +     a - +0 short sword
rCold  . . .     Gourm    .     b - +0 robe
rNeg   . . .     Faith    .     (shield restricted)
rPois  .         Spirit   .     (helmet restricted)
rElec  .         Reflect  .     (no cloak)
rCorr  .         Harm     .     (gloves unavailable)
MR     .....                    (boots unavailable)
Stlth  +++.......               l - amulet of magic regeneration
                                (no ring)
                                (no ring)

@: very quick
A: unfitting armour, see invisible, herbivore 3, speed 3, slow metabolism 2
a: no special abilities


You were on level 3 of the Dungeon.
You were not hungry.

You visited 1 branch of the dungeon, and saw 3 of its levels.

You collected 41 gold pieces.

Inventory:

Hand Weapons
 a - a +0 short sword (weapon)
Armour
 b - a +0 robe (worn)
Jewellery
 l - an amulet of magic regeneration (around neck)
Scrolls
 d - a scroll of fog {unknown}
 f - 3 scrolls of identify {unknown}
 h - a scroll of recharging {unknown}
 m - 2 scrolls of amnesia {unknown}
 n - a scroll of enchant armour {unknown}
 p - a scroll of blinking {unknown}
 t - a scroll of remove curse {unknown}
Potions
 e - a potion of degeneration {unknown}
 g - 2 potions of cancellation {unknown}
 i - 2 potions of curing {unknown}
 k - a potion of magic {unknown}
 q - a potion of agility {unknown}
 r - a potion of resistance {unknown}
 s - a potion of haste {unknown}
Comestibles
 c - 3 bread rations
 j - a royal jelly
 o - a slice of pizza


   Skills:
 - Level 2.4 Fighting
 + Level 3.8 Short Blades
 * Level 5.8 Dodging
 * Level 5.2 Stealth


You had 3 spell levels left.
You didn't know any spells.

Dungeon Overview and Level Annotations

Branches:
Dungeon (3/15)

Altars:

Annotations:
D:3 Grinder


Innate Abilities, Weirdness & Mutations

You are very small and have problems with some larger weapons.
You are too small for most types of armour.
You have supernaturally acute eyesight. (SInv)
You are a herbivore.
You cover ground extremely quickly.
You need consume almost no food.


Message History

Grinder is nearby!
The helpless Grinder fails to defend herself.
You impale Grinder!!
Grinder is severely wounded.
Grinder barely misses you.
You hit Grinder.
Grinder is almost dead.
Grinder gestures at you. Pain shoots through your body!
You hit Grinder but do no damage.
Grinder is almost dead.
Grinder gestures at you. Pain shoots through your body!
Ouch! That really hurt!
You hit Grinder but do no damage.
Grinder is almost dead.
Grinder hits you.
* * * LOW HITPOINT WARNING * * *
You writhe in agony.
You die...

#.#....# ###
#.#......# ..#
#.#......... #?#.
#.#...#####. ###
#.#.###.#...#
.....#.....#...#
###.#.#.#.###...#
#....5..#.#.....#
#@###.#....)#
#...........#
#####.########
#.........
##########


You could see Grinder.

Vanquished Creatures
  4 adders
  2 worms (D:2)
  4 dart slugs
  3 leopard geckos
  A ball python (D:1)
  4 goblins
  2 hobgoblins
  3 jackals (D:1)
  7 kobolds
  A quokka (D:2)
  3 bats (D:1)
  5 frilled lizards
  5 rats
44 creatures vanquished.

Notes
Turn   | Place    | Note
-------+----------+-------------------------------------------
     0 | D:1      | lorenzova the Spriggan Monk began the quest for the Orb.
     0 | D:1      | Reached XP level 1. HP: 11/11 MP: 2/2
   122 | D:1      | Reached XP level 2. HP: 13/16 MP: 3/3
   745 | D:1      | Reached skill level 5 in Dodging
  1036 | D:1      | Reached XP level 3. HP: 18/19 MP: 4/4
  1870 | D:2      | Found a faded altar of an unknown god.
  2054 | D:2      | Reached XP level 4. HP: 23/23 MP: 5/5
  2063 | D:2      | Reached skill level 5 in Stealth
  2328 | D:3      | Noticed Grinder
  2333 | D:3      | Slain by Grinder

Skill      XL: |  1  2  3  4 |
---------------+-------------+-----
Dodging        | 5 |  5.8
Stealth        | 4 5 |  5.2
Fighting       | |  2.4
Short Blades   | |  3.8

Action                   |  1- 3 |  4- 6 || total
-------------------------+-------+-------++-------
Melee: Short sword       |   199 |    26 ||   225
 Stab: Sleeping          |     6 |     2 ||     8
       Distracted        |       |     1 ||     1
Armor: Robe              |     9 |       ||     9
Dodge: Dodged            |   161 |    20 ||   181
